 Dungeon Crawl Stone Soup version 0.30.1-11-g7821555f0a (webtiles) character file.

Game seed: 15270629169387573115

12716 Peloso the Carver (level 11, -6/102 HPs)
             Began as a Minotaur Fighter on Nov 14, 2023.
             Was a High Priest of Okawaru.
             Mangled by a komodo dragon (12 damage)
             ... on level 9 of the Dungeon.
             The game lasted 00:23:15 (11481 turns).

Peloso the Carver (Minotaur Fighter)               Turns: 11481, Time: 00:23:16

Health: -6/102     AC: 24    Str: 22    XL:     11   Next: 66%
Magic:  11/11      EV:  8    Int:  5    God:    Okawaru [*****.]
Gold:   685        SH:  7    Dex: 19    Spells: 10/10 levels left

rFire   . . .        a - +5 long sword (freeze)
rCold   . . .        d - +0 buckler
rNeg    + . .        t - +1 plate armour {Will+}
rPois   .            L - +2 hat
rElec   .            (no cloak)
rCorr   .            N - +2 pair of gloves
SInv    .            Q - +1 pair of boots
Will    +....        C - amulet of regeneration Stlth
                     j - +6 ring of dexterity
HPRegen 1.17/turn    f - ring of positive energy
MPRegen 0.12/turn

%: no passive effects
@: slowed, very slow
A: horns 2, retaliatory headbutt
a: Renounce Religion, Heroism, Finesse, Duel


You were on level 9 of the Dungeon.
You worshipped Okawaru.
Okawaru was extremely pleased with you.
You visited 3 branches of the dungeon, and saw 13 of its levels.
You also visited: Ossuary.

You collected 685 gold pieces.

Inventory:

Hand Weapons
 a - a +5 long sword of freezing (weapon)
 c - a +1 trident of flaming
Armour
 b - a +1 chain mail of fire resistance
 d - a +0 buckler (worn)
 t - a +1 plate armour of willpower (worn)
 L - a +2 hat (worn)
 N - a +2 pair of gloves (worn)
 Q - a +1 pair of boots (worn)
Jewellery
 f - a ring of positive energy (right hand)
 j - a +6 ring of dexterity (left hand)
 u - a ring of protection from cold
 z - a ring of ice
 C - an amulet of regeneration (around neck)
Wands
 E - a wand of polymorph (10)
 O - a wand of iceblast (6)
 P - a wand of flame (16)
Scrolls
 e - 5 scrolls of amnesia
 q - a scroll of teleportation
 r - 3 scrolls of enchant armour
 s - 2 scrolls of noise
 w - 3 scrolls of magic mapping {unknown}
 y - 2 scrolls of enchant weapon {unknown}
 B - a scroll of acquirement
 F - 3 scrolls of poison {unknown}
 H - 2 scrolls of immolation {unknown}
 I - 4 scrolls of blinking {unknown}
 J - a scroll of brand weapon {unknown}
 M - 3 scrolls of identify
Potions
 g - 8 potions of heal wounds
 h - 6 potions of lignification
 i - 4 potions of brilliance
 k - 7 potions of curing
 l - 3 potions of ambrosia
 m - 4 potions of flight
 n - 4 potions of might
 o - 2 potions of attraction {unknown}
 p - 4 potions of mutation
 v - 2 potions of invisibility {unknown}
 x - 4 potions of magic {unknown}
 A - 2 potions of berserk rage {unknown}
 D - 5 potions of haste {unknown}
 G - a potion of cancellation {unknown}
 K - a potion of resistance {unknown}


   Skills:
 + Level 11.0 Fighting
 + Level 13.9 Long Blades
 + Level 11.9 Armour
 + Level 3.1 Dodging
 + Level 1.0 Stealth
 + Level 8.3 Shields
 + Level 2.1 Invocations


You had 10 spell levels left.
You didn't know any spells.
Your spell library contained the following spells:

 Spells                   Type           Power      Damage    Failure   Level
 Freeze                   Ice            0%         1d3       100%        1
 Necrotise                Necr           0%         1d4       100%        1
 Shock                    Conj/Air       0%         1d3       100%        1
 Slow                     Hex            0%         N/A       100%        1
 Sting                    Tmut/Pois      0%         1d3       100%        1
 Blink                    Tloc           0%         N/A       100%        2
 Lesser Beckoning         Tloc           0%         N/A       100%        2
 Momentum Strike          Conj/Tloc      0%         3d8       100%        2
 Poisonous Vapours        Pois/Air       0%         N/A       100%        2
 Confusing Touch          Hex            0%         N/A       100%        3
 Dazzling Flash           Conj/Hex       0%         N/A       100%        3
 Frozen Ramparts          Ice            0%         1d1       100%        3
 Hailstorm                Conj/Ice       0%         3d3       100%        3
 Ignite Poison            Fire/Tmut/Pois 0%         N/A       100%        3
 Swiftness                Air            0%         N/A       100%        3
 Vampiric Draining        Necr           0%         2d6       100%        3
 Volatile Blastmotes      Fire/Tloc      0%         2d10      100%        3
 Airstrike                Air            0%         2d(0-16)  100%        4
 Iskenderun's Mystic Bla  Conj/Tloc      0%         2d3       100%        4
 Olgreb's Toxic Radiance  Pois           0%         N/A       100%        4
 Sticky Flame             Conj/Fire      0%         2d3       100%        4
 Agony                    Necr           0%         N/A       100%        5
 Starburst                Conj/Fire      0%         6d3       100%        6
 Ignition                 Fire           0%         3d3       100%        8


Dungeon Overview and Level Annotations

Branches:
Dungeon (11/15)            Temple (1/1) D:7            Lair (1/5) D:9
    Orc (0/2) D:9         Ossuary (visited)

Altars:
Ashenzari
Cheibriados
Dithmenos
Elyvilon
Fedhas
Gozag
Hepliaklqana
Kikubaaqudgha
Makhleb
Nemelex Xobeh
Okawaru
Qazlal
Ru
Sif Muna
Trog
Uskayaw
Vehumet
Wu Jian
Xom
Yredelemnul
Zin
The Shining One

Shops:
D:7 :

Annotations:
D:9 Amaemon


Innate Abilities, Weirdness & Mutations

You have a pair of horns on your head.
You reflexively headbutt those who attack you in melee.


Message History

Amaemon attacks as you move away! Amaemon hits you but does no damage.
You are more poisoned.
Amaemon claws you but does no damage. Amaemon barely misses you.
A yak comes into view.
You feel extremely sick. The scorpion barely misses you.
You furiously retaliate!
You headbutt the scorpion!
You kill the scorpion!
The scorpion's corpse disappears in a puff of smoke!
You block the komodo dragon's attack.
The scorpion stings you but does no damage.
The orange demon stings you but does no damage.
A yak comes into view.
The komodo dragon bites you!
The yak bellows!
There is a staircase back to the Dungeon, spattered with blood here.
You feel extremely sick.
You hear a bellow!
You block the scorpion's attack.
The scorpion stings you but does no damage.
Amaemon casts a spell at the scorpion.
The scorpion seems to grow toxic.
You block the orange demon's attack. The komodo dragon bites you!!
* * * LOW HITPOINT WARNING * * *
The scorpion stings you but does no damage. x2
Amaemon barely misses you. x2; Amaemon tail-slaps you.
* * * LOW HITPOINT WARNING * * *
You are more poisoned.
Amaemon poisons you! The orange demon stings you from afar.
* * * LOW HITPOINT WARNING * * *
You climb upwards.
Welcome back to the Dungeon!
The scorpion disappears in a puff of smoke! x2
* * * LOW HITPOINT WARNING * * *
You feel extremely sick.
There is a staircase to the Lair here.
You feel better. The komodo dragon bites you!
* * * LOW HITPOINT WARNING * * *
You block Amaemon's attack. Amaemon closely misses you.
You block Amaemon's attack. The komodo dragon bites you!
You die...

+###'############'#########.....#
.............#......#.....#.....#
.............#......#.....#.....#
.............#......#.....#.....#
...........###............+.....#
..........#............#+##.....#
###'#####+.....#................#
...............l...........######
................@.#........# #.
.......<.......6..#........# #.
...........................# #.
.......###.................# ##
.......#..#............#'### #.
.......#............+......# #.
.......#.########...#......# #.
[......#.########...#......# #.
.......#............#......# #.


You could see Amaemon and a komodo dragon.

Vanquished Creatures
  A two-headed ogre (D:10)
  3 death yaks (D:9)
  A boulder beetle (D:11)
  Pikel (D:7)
  2 cyclopes (D:11)
  A gargoyle (D:10)
  3 kobold demonologists
  2 komodo dragons
  A troll (D:10)
  A wraith (D:9)
  Eustachio (D:4)
  7 yaks
  A wyvern (D:10)
  2 steam dragons
  3 vampire mosquitoes (D:11)
  3 water moccasins
  2 acid dragons
  An orc warrior (D:11)
  3 black bears
  2 sky beasts
  2 ogres
  4 centaurs
  A lemure (D:7)
  2 phantoms (D:6)
  5 bullfrogs
  A kobold brigand (D:10)
  A gnoll sergeant (D:5)
  A scorpion (D:7)
  17 wights
  8 killer bees
  2 howler monkeys
  5 jellies
  4 hounds
  7 orc priests
  A gnoll bouda (D:4)
  A sleepcap (D:5)
  3 iguanas
  10 orc wizards
  A hell rat (D:9)
  13 mummies
  Robin (D:3)
  9 gnolls
  6 adders
  A white imp (D:5)
  2 ufetubi
  2 worms
  2 dart slugs
  30 orcs
  3 bats
  10 endoplasms
  3 giant cockroaches
  15 goblins
  7 hobgoblins
  9 jackals
  2 quokkas (D:1)
  7 ball pythons
  7 frilled lizards
  2 gnoll skeletons (Ossuary)
  4 goblin skeletons (Ossuary)
  2 hobgoblin zombies (D:5)
  13 kobolds
  A kobold skeleton (Ossuary)
  A kobold zombie (D:5)
  An orc skeleton (Ossuary)
  An orc zombie (D:5)
  5 rats
  11 rat skeletons (Ossuary)
287 creatures vanquished.

Notes
Turn   | Place    | Note
-------+----------+-------------------------------------------
     0 | D:1      | Peloso the Minotaur Fighter began the quest for the Orb.
     0 | D:1      | Reached XP level 1. HP: 19/19 MP: 0/0
   245 | D:1      | Reached XP level 2. HP: 26/27 MP: 1/1
   810 | D:1      | Reached XP level 3. HP: 33/33 MP: 2/2
  1431 | D:2      | Reached skill level 3 in Long Blades
  1809 | D:2      | Reached XP level 4. HP: 40/40 MP: 3/3
  1868 | D:2      | Found an ancient bone altar of Kikubaaqudgha.
  2025 | D:3      | Noticed Robin
  2034 | D:3      | Killed Robin
  2035 | D:3      | Reached skill level 4 in Long Blades
  2059 | D:3      | Reached skill level 1 in Dodging
  2134 | D:3      | Found a shadowy altar of Dithmenos.
  2134 | D:3      | Found an iron altar of Okawaru.
  2192 | D:3      | Became a worshipper of Warmaster Okawaru
  2285 | D:3      | Identified the +2 dagger of the Grave {spect, rC- rCorr
                  | Int+6}
  2338 | D:3      | Reached XP level 5. HP: 35/46 MP: 4/4
  3022 | D:4      | Reached skill level 5 in Long Blades
  3022 | D:4      | Reached skill level 5 in Armour
  3200 | D:4      | Noticed Eustachio
  3216 | D:4      | Killed Eustachio
  3216 | D:4      | Reached * piety under Okawaru
  3217 | D:4      | Reached XP level 6. HP: 50/55 MP: 5/5
  3279 | D:4      | Reached skill level 5 in Fighting
  3279 | D:4      | Reached skill level 6 in Long Blades
  3313 | D:4      | Reached XP level 7. HP: 58/61 MP: 6/6
  3436 | D:4      | Found a snail-covered altar of Cheibriados.
  3436 | D:4      | Found a sacrificial altar of Ru.
  3564 | D:5      | Entered Level 5 of the Dungeon
  4230 | D:5      | Reached skill level 7 in Long Blades
  4244 | D:5      | Found a white marble altar of Elyvilon.
  4607 | D:5      | Reached ** piety under Okawaru
  4629 | D:4      | Reached XP level 8. HP: 32/70 MP: 7/7
  4947 | D:5      | Reached skill level 8 in Long Blades
  4947 | D:5      | Reached skill level 5 in Shields
  5308 | D:6      | Found a blossoming altar of Fedhas.
  5398 | D:6      | Found a glowing golden altar of the Shining One.
  5398 | D:6      | Found an ancient bone altar of Kikubaaqudgha.
  5398 | D:6      | Found a shimmering blue altar of Sif Muna.
  5437 | D:6      | Reached *** piety under Okawaru
  5438 | D:6      | Reached skill level 9 in Long Blades
  5797 | D:7      | Reached XP level 9. HP: 75/78 MP: 8/8
  5834 | D:7      | Noticed Pikel
  5849 | D:7      | Killed Pikel
  6215 | D:7      | Reached skill level 10 in Long Blades
  6356 | D:7      | Reached **** piety under Okawaru
  6951 | D:7      | Found a staircase to the Ecumenical Temple.
  7023 | D:7      | Reached skill level 11 in Long Blades
  7090 | Temple   | Entered the Ecumenical Temple
  7613 | D:7      | Found Ruaf's Tremendous Tomes.
  7759 | D:8      | Reached ***** piety under Okawaru
  7892 | D:8      | Found a sand-covered staircase.
  7897 | Ossuary  | Entered an ossuary
  8040 | Ossuary  | Reached XP level 10. HP: 89/89 MP: 9/9
  8100 | Ossuary  | Identified a scroll of acquirement
  8744 | D:9      | Found a staircase to the Orcish Mines.
  8882 | D:9      | Noticed a death yak
  8890 | D:9      | Identified the +5 robe of Fun and Games {rElec Will- rCorr}
                  | (Okawaru gifted it to you on level 9 of the Dungeon)
  8890 | D:9      | Received a gift from Okawaru
  8893 | D:9      | Noticed a death yak
  8896 | D:9      | Noticed a death yak
  8897 | D:9      | Killed a death yak
  8898 | D:9      | Reached skill level 12 in Long Blades
  8908 | D:9      | Killed a death yak
  8909 | D:9      | Reached skill level 10 in Armour
  8914 | D:9      | Killed a death yak
  8945 | D:9      | Found a staircase to the Lair.
  9079 | D:9      | Reached skill level 1 in Invocations
  9580 | D:10     | Entered Level 10 of the Dungeon
  9604 | D:10     | Noticed a gargoyle
  9613 | D:10     | Killed a gargoyle
  9614 | D:10     | Reached skill level 1 in Stealth
  9673 | D:10     | Noticed a two-headed ogre
  9678 | D:10     | Killed a two-headed ogre
  9679 | D:10     | Reached XP level 11. HP: 97/97 MP: 8/11
  9833 | D:10     | Reached skill level 13 in Long Blades
  9854 | D:10     | Reached skill level 10 in Fighting
 10646 | D:11     | Noticed a boulder beetle
 10682 | D:11     | Killed a boulder beetle
 10760 | D:11     | Found a sparkling altar of Nemelex Xobeh.
 10784 | D:11     | Received a gift from Okawaru
 11443 | Lair:1   | Entered Level 1 of the Lair of Beasts
 11462 | Lair:1   | Noticed Amaemon
 11481 | D:9      | Mangled by a komodo dragon

Illustrated notes

Levels and vault maps discovered:
D:1:      dpeg_arrival_castle, layout_basic, serial_co_window_serial,
          co_window_paths_a, co_window_corner_a, co_window_paths_a,
          co_window_paths_b, co_window_corner_a, co_window_paths_a,
          co_window_2corner, co_window_of_opportunity_b, co_window_cross_4,
          co_window_corner_cb, glass_columns_b
D:2:      layout_rooms, basic_altar, minmay_puff
D:3:      layout_loops_ring, gammafunk_temple_overflow_statue, uniq_robin
D:4:      layout_rooms, gammafunk_temple_overflow_pools, uniq_eustachio
D:5:      minmay_razor_zed, layout_rooms, elyvilon_altar_1,
          hangedman_abyss_or_decor_jellyfish_corner, minmay_mini_ossuary
D:6:      layout_cave_pools, mainiacjoe_overflow_chevrons,
          gammafunk_temple_overflow_claw
D:7:      layout_basic, minmay_temple_entry_purple_smoke,
          nicolae_shop_i_like_big_books, uniq_pikel
D:8:      layout_loops_ring, enter_ossuary_5
D:9:      layout_stronghold, dpeg_lair_monsters, orc_0_dummy
D:10:     layout_gridville
D:11:     layout_irregular_city, nemelex_xobeh_ov_fountains_minmay
Temple:   compressed_dpeg_triangle_lava_temple
Lair:1:   layout_hall_layers, st_stairs_7, uniq_amaemon, uniq_urug

Skill      XL: |  1  2  3  4  5  6  7  8  9 10 11 |
---------------+----------------------------------+-----
Armour         | 4 5 6 8 9 10 11 | 11.9
Fighting       | 4 5 6 8 9 11 | 11.0
Shields        | 4 5 6 7 8 |  8.3
Long Blades    | 3 4 5 6 7 9 11 12 13 | 13.9
Dodging        | 1 2 3 |  3.1
Invocations    | 1 2 |  2.1
Stealth        | 1 |  1.0

Action                     |  1- 3 |  4- 6 |  7- 9 | 10-12 || total
---------------------------+-------+-------+-------+-------++-------
  Melee: Long sword        |   124 |   105 |   330 |   286 ||   845
         Headbutt          |    14 |    19 |    70 |    72 ||   175
 Invoke: Heroism           |       |     1 |       |     4 ||     5
  Evoke: Wand              |       |       |       |     1 ||     1
    Use: Potion            |     2 |       |       |     1 ||     3
         Scroll            |     1 |     2 |     4 |     4 ||    11
   Stab: Distracted        |       |     1 |       |       ||     1
 Armour: Scale mail        |    89 |    29 |       |       ||   118
         Plate armour      |       |     4 |   164 |   163 ||   331
         Chain mail        |       |     2 |       |       ||     2
  Dodge: Dodged            |    68 |    56 |    91 |    87 ||   302
  Block: Buckler           |    38 |    26 |    91 |    85 ||   240
